SAA
OLYMPIA OGRES @ TACOMA FUR TRADERS
06/22/2038
 
TOP OF THE 1ST
Olympia Ogres batting - Pitching for Tacoma Fur Traders : RHP Ralph Johnston
Pitching: RHP Ralph Johnston
Batting: LHB Gabriel Anaya 0-0: Swinging Strike
0-1: Called Strike
0-2: Strikes out looking
Batting: LHB Robby Sinor 0-0: Called Strike
0-1: Ball
1-1: Foul Ball, location: 2F
1-2: Foul Ball, location: 2F
1-2: Fly out, F8 (Line Drive, 8LD, EV 100.6 MPH)
Batting: RHB Meshach Ashpenaz 0-0: Called Strike
0-1: Ball
1-1: Foul Ball, location: 2F
1-2: Ball
2-2: Foul Ball, location: 2F
2-2: Foul Ball, location: 2F
2-2: Ball
3-2: Foul Ball, location: 2F
3-2: Fly out, F2 (Popup, 23F, EV 83.1 MPH)
Top of the 1st over - 0 runs, 0 hits, 0 errors, 0 left on base; Olympia 0 - Tacoma 0
BOTTOM OF THE 1ST
Tacoma Fur Traders batting - Pitching for Olympia Ogres : RHP Gustavo Molina
Pitching: RHP Gustavo Molina
Batting: RHB Bartolo Álvarez 0-0: Ball
1-0: Ball
2-0: Called Strike
2-1: Ball
3-1: Base on Balls
Batting: RHB Igme Padoga 0-0: Ball
1-0: Ball
2-0: Ball
3-0: Called Strike
3-1: Base on Balls
Bartolo Álvarez to second
Batting: RHB Nick Harper 0-0: Ball
1-0: Ball
Wild Pitch!
Bartolo Álvarez to third
Igme Padoga to second
2-0: Ball
3-0: Called Strike
3-1: Base on Balls
Batting: LHB Sherman Hoffman 0-0: Foul Ball, location: 2F
0-1: Foul Ball, location: 2F
0-2: SINGLE (Line Drive, 9S, EV 95.0 MPH)
Bartolo Álvarez scores
Igme Padoga to third
Nick Harper to second
Batting: RHB Manuel Acosta 0-0: Called Strike
0-1: Fly out, F8 (Flyball, 8RM, EV 89.4 MPH)
Runner from 3rd tags up, OUT at HOME! 8-2
Nick Harper to third
Sherman Hoffman to second
Batting: RHB Wen-hua Zhào 0-0: Called Strike
0-1: Foul Ball, location: 2F
0-2: Ball
1-2: Strikes out swinging
Bottom of the 1st over - 1 run, 1 hit, 0 errors, 2 left on base; Olympia 0 - Tacoma 1
TOP OF THE 2ND
Olympia Ogres batting - Pitching for Tacoma Fur Traders : RHP Ralph Johnston
Batting: RHB Ignacio González 0-0: Called Strike
0-1: Ball
1-1: Ball
2-1: Ball
3-1: Base on Balls
Batting: LHB Anastasio Colomo 0-0: Ball
1-0: Ball
2-0: Ball
3-0: Called Strike
3-1: Foul Ball, location: 2F
3-2: SINGLE (Line Drive, 7S, EV 87.5 MPH)
Ignacio González to second
Batting: RHB Chico Custardoi 0-0: Ball
1-0: Ball
2-0: Foul Ball, location: 2F
2-1: Swinging Strike
2-2: Strikes out swinging
Batting: RHB Pakarati Girawheen 0-0: Ball
1-0: Foul Ball, location: 2F
1-1: Ball
2-1: Foul Ball, location: 2F
2-2: Fly out, F7 (Line Drive, 7, EV 96.9 MPH)
Batting: RHB Qian-fu Zhou 0-0: Foul Ball, location: 2F
0-1: Ground out 6-3 (Groundball, 6MS, EV 87.5 MPH)
Top of the 2nd over - 0 runs, 1 hit, 0 errors, 2 left on base; Olympia 0 - Tacoma 1
BOTTOM OF THE 2ND
Tacoma Fur Traders batting - Pitching for Olympia Ogres : RHP Gustavo Molina
Batting: SHB Jake Pinto 0-0: Ball
1-0: Called Strike
1-1: Called Strike
1-2: Ball
2-2: Fly out, F8 (Flyball, 8RD, EV 99.4 MPH)
Batting: RHB Elmer Kent 0-0: Ball
1-0: Called Strike
1-1: Ball
2-1: Ball
3-1: Fly out, F7 (Flyball, 78M, EV 85.6 MPH)
Batting: RHB Jorge Ramírez 0-0: Ball
1-0: Ground out 6-3 (Groundball, 6, EV 105.6 MPH)
Bottom of the 2nd over - 0 runs, 0 hits, 0 errors, 0 left on base; Olympia 0 - Tacoma 1
TOP OF THE 3RD
Olympia Ogres batting - Pitching for Tacoma Fur Traders : RHP Ralph Johnston
Batting: RHB Jorge Cruz 0-0: Ball
1-0: Called Strike
1-1: Called Strike
1-2: Foul Ball, location: 2F
1-2: Strikes out looking
Batting: LHB Gabriel Anaya 0-0: Swinging Strike
0-1: Ground out 4-3 (Groundball, 4, EV 78.1 MPH)
Batting: LHB Robby Sinor 0-0: Called Strike
0-1: Fly out, F8 (Flyball, 8RS, EV 90.6 MPH)
Top of the 3rd over - 0 runs, 0 hits, 0 errors, 0 left on base; Olympia 0 - Tacoma 1
BOTTOM OF THE 3RD
Tacoma Fur Traders batting - Pitching for Olympia Ogres : RHP Gustavo Molina
Batting: RHB Bartolo Álvarez 0-0: Called Strike
0-1: Called Strike
0-2: Ball
1-2: Strikes out swinging
Batting: RHB Igme Padoga 0-0: Swinging Strike
0-1: Foul Ball, location: 2F
0-2: Strikes out swinging
Batting: RHB Nick Harper 0-0: Called Strike
0-1: Called Strike
0-2: Ball
1-2: Fly out, F7 (Flyball, 7, EV 80.0 MPH)
Bottom of the 3rd over - 0 runs, 0 hits, 0 errors, 0 left on base; Olympia 0 - Tacoma 1
TOP OF THE 4TH
Olympia Ogres batting - Pitching for Tacoma Fur Traders : RHP Ralph Johnston
Batting: RHB Meshach Ashpenaz 0-0: Fly out, F8 (Line Drive, 8RD, EV 86.2 MPH)
Batting: RHB Ignacio González 0-0: Foul Ball, location: 2F
0-1: Fly out, F3 (Line Drive, 3, EV 70.6 MPH)
Batting: LHB Anastasio Colomo 0-0: Ball
1-0: Foul Ball, location: 2F
1-1: Swinging Strike
1-2: Ball
2-2: Foul Ball, location: 2F
2-2: Ball
3-2: Ground out 5-3 (Groundball, 56, EV 98.1 MPH)
Top of the 4th over - 0 runs, 0 hits, 0 errors, 0 left on base; Olympia 0 - Tacoma 1
BOTTOM OF THE 4TH
Tacoma Fur Traders batting - Pitching for Olympia Ogres : RHP Gustavo Molina
Batting: LHB Sherman Hoffman 0-0: Ball
1-0: Ball
2-0: Called Strike
2-1: Foul Ball, location: 2F
2-2: Foul Ball, location: 2F
2-2: Ball
3-2: Strikes out looking
Batting: RHB Manuel Acosta 0-0: Ball
1-0: Called Strike
1-1: Foul Ball, location: 2F
1-2: Ball
2-2: Foul Ball, location: 2F
2-2: Foul Ball, location: 2F
2-2: Fly out, F8 (Line Drive, 8RD, EV 90.0 MPH)
Batting: RHB Wen-hua Zhào 0-0: Ball
1-0: Ground out 6-3 (Groundball, 6, EV 82.5 MPH)
Bottom of the 4th over - 0 runs, 0 hits, 0 errors, 0 left on base; Olympia 0 - Tacoma 1
TOP OF THE 5TH
Olympia Ogres batting - Pitching for Tacoma Fur Traders : RHP Ralph Johnston
Batting: RHB Chico Custardoi 0-0: Called Strike
0-1: Called Strike
0-2: Strikes out swinging
Batting: RHB Pakarati Girawheen 0-0: Called Strike
0-1: Ball
1-1: Called Strike
1-2: Strikes out looking
Batting: RHB Qian-fu Zhou 0-0: Called Strike
0-1: Ball
1-1: Swinging Strike
1-2: Strikes out swinging
Top of the 5th over - 0 runs, 0 hits, 0 errors, 0 left on base; Olympia 0 - Tacoma 1
BOTTOM OF THE 5TH
Tacoma Fur Traders batting - Pitching for Olympia Ogres : RHP Gustavo Molina
Batting: SHB Jake Pinto 0-0: Ball
1-0: Ball
2-0: Called Strike
2-1: Ball
3-1: Base on Balls
Batting: RHB Elmer Kent 0-0: Foul Ball, location: 2F
0-1: Foul Ball, location: 2F
0-2: Ball
Wild Pitch!
Jake Pinto to second
1-2: Ground out 4-3 (Groundball, 4, EV 83.8 MPH)
Jake Pinto to third
Batting: RHB Jorge Ramírez 0-0: Ground out 5-3 (Groundball, 56S, EV 68.8 MPH)
Batting: RHB Bartolo Álvarez 0-0: Swinging Strike
0-1: Foul Ball, location: 2F
0-2: DOUBLE (Line Drive, 8RXD, EV 110.0 MPH)
Jake Pinto scores
Batting: RHB Igme Padoga 0-0: Ball
1-0: Ball
2-0: Ball
3-0: Called Strike
3-1: Called Strike
3-2: Ground out 4-3 (Groundball, 4, EV 88.8 MPH)
Bottom of the 5th over - 1 run, 1 hit, 0 errors, 1 left on base; Olympia 0 - Tacoma 2
TOP OF THE 6TH
Olympia Ogres batting - Pitching for Tacoma Fur Traders : RHP Ralph Johnston
Batting: RHB Jorge Cruz 0-0: Called Strike
0-1: Swinging Strike
0-2: Ball
1-2: Ball
2-2: Ball
3-2: Fly out, F8 (Flyball, 78M, EV 88.8 MPH)
Batting: LHB Gabriel Anaya 0-0: Ball
1-0: Called Strike
1-1: Ground out 3-1 (Groundball, 3S, EV 85.6 MPH)
Batting: LHB Robby Sinor 0-0: Called Strike
0-1: Foul Ball, location: 2F
0-2: Ball
1-2: Ball
2-2: Foul Ball, location: 2F
2-2: Ball
3-2: Fly out, F9 (Flyball, 89D, EV 90.0 MPH)
Top of the 6th over - 0 runs, 0 hits, 0 errors, 0 left on base; Olympia 0 - Tacoma 2
BOTTOM OF THE 6TH
Tacoma Fur Traders batting - Pitching for Olympia Ogres : RHP Gustavo Molina
Batting: RHB Nick Harper 0-0: Ball
1-0: Called Strike
1-1: DOUBLE (Groundball, 5L, EV 105.6 MPH)
Batting: LHB Sherman Hoffman 0-0: Intentional Walk
Batting: RHB Manuel Acosta 0-0: Called Strike
0-1: Reached on error, E6 (Groundball, 6, EV 83.1 MPH)
Nick Harper to third
Sherman Hoffman to second
Batting: RHB Wen-hua Zhào 0-0: SINGLE (Groundball, 56D, EV 94.4 MPH)
Nick Harper scores
Sherman Hoffman to third
Manuel Acosta to second
Batting: SHB Jake Pinto 0-0: Foul Ball, location: 2F
0-1: Foul Ball, location: 2F
0-2: Hit by Pitch
Sherman Hoffman scores
Manuel Acosta to third
Wen-hua Zhào to second
Pitching: RHP Luis Castro
Batting: RHB Elmer Kent 0-0: Ball
1-0: Ball
2-0: Swinging Strike
2-1: Ball
3-1: Foul Ball, location: 2F
3-2: Foul Ball, location: 2F
3-2: Foul Ball, location: 2F
3-2: Base on Balls
Manuel Acosta scores
Wen-hua Zhào to third
Jake Pinto to second
Batting: RHB Jorge Ramírez 0-0: Fly out, F7 (Flyball, 78XD, EV 88.8 MPH)
Runner from 3rd tags up, SCORES, no throw by LF
Batting: RHB Bartolo Álvarez 0-0: Fly out, F9 (Flyball, 9LSF, EV 87.5 MPH)
Pitching: RHP Juan Rodríguez
Batting: RHB Igme Padoga 0-0: Called Strike
0-1: Ball
1-1: Foul Ball, location: 2F
1-2: Strikes out looking
Bottom of the 6th over - 4 runs, 2 hits, 1 error, 2 left on base; Olympia 0 - Tacoma 6
TOP OF THE 7TH
Olympia Ogres batting - Pitching for Tacoma Fur Traders : RHP Ralph Johnston
Batting: RHB Meshach Ashpenaz 0-0: Ball
1-0: Foul Ball, location: 2F
1-1: Called Strike
1-2: Ball
2-2: Fly out, F7 (Flyball, 7S, EV 84.4 MPH)
Batting: RHB Ignacio González 0-0: Called Strike
0-1: Foul Ball, location: 2F
0-2: Ball
1-2: Ball
2-2: Foul Ball, location: 2F
2-2: Fly out, F6 (Line Drive, 6, EV 71.2 MPH)
Batting: LHB Anastasio Colomo 0-0: Called Strike
0-1: Ball
1-1: Fly out, F8 (Flyball, 8LXD, EV 81.9 MPH)
Top of the 7th over - 0 runs, 0 hits, 0 errors, 0 left on base; Olympia 0 - Tacoma 6
BOTTOM OF THE 7TH
Tacoma Fur Traders batting - Pitching for Olympia Ogres : RHP Juan Rodríguez
Batting: RHB Nick Harper 0-0: Ball
1-0: DOUBLE (Flyball, 78XD, EV 101.2 MPH)
Batting: LHB Sherman Hoffman 0-0: Ball
1-0: Ball
2-0: Ball
3-0: Called Strike
3-1: Foul Ball, location: 2F
3-2: SINGLE (Groundball, 56D, EV 106.2 MPH)
Nick Harper to third
Runner from 3rd tries for Home, SAFE, no throw by LF
Pinch Hitting: RHB Reynaldo Suárez 0-0: Ball
1-0: Ball
2-0: Ball
3-0: Called Strike
3-1: DOUBLE (Line Drive, 89D, EV 98.8 MPH)
Sherman Hoffman to third
Batting: RHB Wen-hua Zhào 0-0: Ball
1-0: Ground out 1-3 (Groundball, 15S, EV 63.1 MPH)
Batting: SHB Jake Pinto 0-0: Foul Ball, location: 2F
0-1: Foul Ball, location: 2F
0-2: Foul Ball, location: 2F
0-2: Ball
1-2: Strikes out swinging
Batting: RHB Elmer Kent 0-0: Foul Ball, location: 2F
0-1: Called Strike
0-2: Strikes out swinging
Bottom of the 7th over - 1 run, 3 hits, 0 errors, 2 left on base; Olympia 0 - Tacoma 7
TOP OF THE 8TH
Olympia Ogres batting - Pitching for Tacoma Fur Traders : RHP Ralph Johnston
Now at 1B: Raúl Ocasio
Batting: RHB Chico Custardoi 0-0: Ball
1-0: Swinging Strike
1-1: Ball
2-1: Foul Ball, location: 2F
2-2: Ground out 5-3 (Groundball, 5, EV 104.4 MPH)
Batting: RHB Pakarati Girawheen 0-0: Called Strike
0-1: Called Strike
0-2: Strikes out swinging
Batting: RHB Qian-fu Zhou 0-0: Ball
1-0: Fly out, F7 (Line Drive, 7D, EV 89.4 MPH)
Top of the 8th over - 0 runs, 0 hits, 0 errors, 0 left on base; Olympia 0 - Tacoma 7
BOTTOM OF THE 8TH
Tacoma Fur Traders batting - Pitching for Olympia Ogres : RHP Juan Rodríguez
Batting: RHB Jorge Ramírez 0-0: Ball
1-0: Called Strike
1-1: Foul Ball, location: 2F
1-2: Ball
2-2: Ball
3-2: Foul Ball, location: 2F
3-2: Base on Balls
Batting: RHB Bartolo Álvarez 0-0: Ball
1-0: Fly out, F8 (Flyball, 8RM, EV 93.1 MPH)
Batting: RHB Igme Padoga 0-0: Called Strike
0-1: Ball
1-1: Fly out, F1 (Line Drive, P, EV 73.1 MPH)
Batting: RHB Nick Harper 0-0: Ball
1-0: Ball
2-0: Fly out, F4 (Line Drive, 4, EV 68.1 MPH)
Bottom of the 8th over - 0 runs, 0 hits, 0 errors, 1 left on base; Olympia 0 - Tacoma 7
TOP OF THE 9TH
Olympia Ogres batting - Pitching for Tacoma Fur Traders : RHP Ralph Johnston
Pitching: RHP José Hernández
Batting: RHB Jorge Cruz 0-0: Foul Ball, location: 2F
0-1: Called Strike
0-2: DOUBLE (Line Drive, 7LM, EV 103.1 MPH)
Batting: LHB Gabriel Anaya 0-0: Ball
1-0: Foul Ball, location: 2F
1-1: Called Strike
1-2: Foul Ball, location: 2F
1-2: Foul Ball, location: 2F
1-2: Ground out U3 (Groundball, 3, EV 105.6 MPH)
Jorge Cruz to third
Batting: LHB Robby Sinor 0-0: Ball
1-0: Reached on error, E3 (Groundball, 34, EV 110.0 MPH)
Jorge Cruz scores
Batting: RHB Meshach Ashpenaz 0-0: Foul Ball, location: 2F
0-1: Ground out 6-3 (Groundball, 56, EV 101.2 MPH)
Batting: RHB Ignacio González 0-0: DOUBLE (Line Drive, 78D, EV 113.1 MPH)
Robby Sinor scores
Batting: LHB Anastasio Colomo 0-0: Ball
1-0: Called Strike
1-1: Foul Ball, location: 2F
1-2: Ball
2-2: Foul Ball, location: 2F
2-2: Ball
3-2: Foul Ball, location: 2F
3-2: Strikes out swinging
Top of the 9th over - 2 runs, 2 hits, 1 error, 1 left on base; Olympia 2 - Tacoma 7
Friday, April 17th, 2020 - OOTP Baseball 20.8 Build 74